 Dungeon Crawl Stone Soup version 0.22.1-1-ga44c0e56f4 (webtiles) character file.

13725 Revguard the Blocker (level 11, -6/83 HPs)
             Began as a Demonspawn Fighter on Oct 22, 2018.
             Was an Elder of Qazlal.
             Mangled by a stone giant (16 damage)
             ... on level 2 of the Orcish Mines.
             The game lasted 00:56:07 (9285 turns).

Revguard the Blocker (Demonspawn Fighter)           Turns: 9285, Time: 00:56:07

Health: -6/83      AC: 24    Str: 17    XL:     11   Next: 79%
Magic:  0/13       EV: 15    Int:  9    God:    Qazlal [****..]
Gold:   954        SH: 24    Dex: 21    Spells: 10/10 levels left

rFire    . . .     SeeInvis +   i - +1 long sword (freeze)
rCold    + + .     Gourm    .   l - +1 large shield
rNeg     . . .     Faith    +   L - +6 ring mail of Jigsaw {+Fly rPois Regen+ SInv}
rPois    +         Spirit   +   Q - +0 helmet
rElec    .         Reflect  .   j - +2 cloak
rCorr    .         Harm     .   B - +0 pair of gloves
MR       +....                  (boots unavailable)
Stlth    +.........             J - amulet of faith
HPRegen  0.63/turn              E - +4 ring of protection
MPRegen  0.26/turn              x - ring of protection from cold

@: agile, repel missiles
A: hooves 3, molten scales 1, cold resistance 1, magic resistance 1, sense
surroundings 1, powered by pain 1, wild magic 1, magic shield, magic
regeneration, magic link
a: Upheaval, Elemental Force, Renounce Religion, Evoke Flight


You were on level 2 of the Orcish Mines.
You worshipped Qazlal.
Qazlal was greatly pleased with you.
You were near starving.

You visited 3 branches of the dungeon, and saw 12 of its levels.

You collected 954 gold pieces.

Inventory:

Hand Weapons
 d - the +0 great mace of Salt {flame, *Contam rN+ Str-5 Dex+7, unknown}
   (You acquired it on level 1 of the Orcish Mines)

   It has been specially enchanted to burn those struck by it, causing extra
   injury to most foes and up to half again as much damage against particularly
   susceptible opponents.
   It affects your strength (-5).
   It affects your dexterity (+7).
   It protects you from negative energy.
   It causes magical contamination when unequipped.
 g - a +4 long sword
 i - a +1 long sword of freezing (weapon)
Armour
 a - a +0 plate armour
 j - a +2 cloak (worn)
 l - a +1 large shield (worn)
 B - a +0 pair of gloves (worn)
 L - the +6 ring mail of Jigsaw (worn) {+Fly rPois Regen+ SInv}
   (You found it on level 7 of the Dungeon)

   It protects you from poison.
   It lets you see invisible.
   It lets you fly.
   It increases your rate of regeneration.
 Q - a +0 helmet (worn)
Jewellery
 k - an uncursed ring of ice
 x - a ring of protection from cold (right hand)
 E - a +4 ring of protection (left hand)
 J - an amulet of faith (around neck)
Wands
 b - a wand of flame (43)
 q - a wand of enslavement (10)
 z - a wand of iceblast (17)
 G - a wand of random effects (15)
 O - a wand of polymorph (2)
Scrolls
 e - 3 scrolls of teleportation
 h - 5 scrolls of remove curse
 u - 2 scrolls of amnesia
 I - a scroll of fog
 R - 3 scrolls of blinking
Potions
 c - a potion of cancellation
 o - 2 potions of flight
 s - 3 potions of haste
 A - 2 potions of mutation
Comestibles
 f - 13 rations


   Skills:
 + Level 6.7 Fighting
 + Level 10.0 Long Blades
 * Level 8.0 Armour
 - Level 3.7 Dodging
 - Level 0.3 Stealth
 + Level 10.1 Shields
 - Level 3.6 Invocations
 - Level 3.8 Evocations


You had 10 spell levels left.
You didn't know any spells.
Your spell library contained the following spells:

 Spells                   Type           Power        Failure   Level  Hunger
 Beastly Appendage        Tmut           #.....       99%         1    ##.....
 Magic Dart               Conj           #...         99%         1    ##.....
 Blink                    Tloc           N/A          100%        2    ###....
 Call Imp                 Summ           #.......     100%        2    ###....
 Slow                     Hex            #.......     100%        2    ###....
 Sticks to Snakes         Tmut           #.......     100%        2    ###....
 Conjure Flame            Conj/Fire      #.......     100%        3    ####...
 Mephitic Cloud           Conj/Pois/Air  #.......     100%        3    ####...
 Spider Form              Tmut/Pois      #.........   100%        3    ####...
 Ice Form                 Ice/Tmut       #.......     100%        4    #####..
 Blade Hands              Tmut           #.........   100%        5    ######.


Dungeon Overview and Level Annotations

Branches:
Dungeon (9/15)             Temple (1/1) D:4             Orc (2/2) D:9
    Elf (0/3) Orc:2
   Lair: D:8-11

Altars:
Ashenzari
Cheibriados
Dithmenos
Elyvilon
Fedhas
Gozag
Hepliaklqana
Kikubaaqudgha
Makhleb
Nemelex Xobeh
Okawaru
Qazlal
Ru
Sif Muna
Trog
Uskayaw
Vehumet
Wu Jian
Xom
Yredelemnul
Zin
The Shining One
Beogh

Shops:
D:8 %===:   Orc:2 =[(


Innate Abilities, Weirdness & Mutations

You have hooves in place of feet.
You are partially covered in molten scales. (AC +2)
You sometimes gain a little power by taking damage.
When hurt, damage is shared between your health and your magic reserves.
You regenerate magic rapidly.
When low on magic, you restore magic in place of health.
Your flesh is cold resistant. (rC+)
You are resistant to hostile enchantments. (MR+)
You passively map a small area around you.
Your spells are a little harder to cast, but a little more powerful.


Message History

You block the orc's attack. You block the stone giant's attack.
You hit the stone giant but do no damage.
You kick the stone giant, but do no damage.
The stone giant is almost dead.
The orc completely misses you.
You riposte.
You slash the orc! You freeze the orc.
You kill the orc!
Qazlal accepts your kill. The stone giant hits you!!
* * * LOW HITPOINT WARNING * * *
You focus on the pain.
You feel agile all of a sudden.
You hit the stone giant but do no damage.
You kick the stone giant.
The stone giant is almost dead.
You block the stone giant's attack.
You hit the stone giant. You freeze the stone giant. You kick the stone giant.
The stone giant is almost dead.
The stone giant hits you!!
You die...

*#.....[.)..........###.###
##......)............#*##
#......[[[........#.## ,
#.......[...........##
.#.....[....[........## *
......................#
............(.....§..## *
....#.........§.......# ,
.....#..........@##....# ,
..............§.C#,,...#* *
###............§§§.. ...#
##....#)#........C.*..#
##...........###...,.. * ,
##....[......#(#... o ,
#.........#..###... ,,,
#......#.##... , ... *
##..#.####* .. ,


You could see a stone giant and an enchanted long sword.

Vanquished Creatures
  Gastronok (D:8)
  A stone giant (Orc:1)
  An orc high priest (Orc:1)
  3 orc knights
  An orc sorcerer (Orc:2)
  Joseph (D:7)
  A troll (Orc:2)
  Grinder (D:6)
  Prince Ribbit (D:8)
  Sigmund (D:4)
  A hungry ghost (D:3)
  2 wargs (Orc:2)
  Edmund (D:6)
  3 water moccasins
  18 orc warriors
  2 sky beasts
  2 black bears (D:7)
  An ice beast (D:8)
  2 phantoms
  7 ogres
  2 centaurs (D:9)
  4 big kobolds
  5 bullfrogs
  2 gnoll sergeants
  A water moccasin zombie (D:9)
  2 scorpions
  5 killer bees (D:9)
  4 wights
  3 howler monkeys
  An electric eel (D:9)
  2 crimson imps
  A centaur zombie (D:8)
  A bullfrog zombie (D:9)
  14 orc priests
  3 jellies (D:8)
  Crazy Yiuf (D:6)
  5 hounds
  4 centaur skeletons
  2 bullfrog skeletons
  2 iguanas
  11 orc wizards
  6 worker ants
  A killer bee zombie (D:5)
  A hound skeleton (D:9)
  3 gnolls (D:9)
  10 adders
  A river rat (D:9)
  2 shadow imps
  5 oozes (D:8)
  3 adder zombies
  An adder skeleton (D:8)
  3 worms
  3 dart slugs
  3 leopard geckos
  45 orcs
  4 giant cockroaches
  10 hobgoblins
  19 jackals
  25 kobolds
  2 quokkas
  5 ball pythons
  16 bats
  2 frilled lizards
  13 goblins
  3 leopard gecko skeletons
  A leopard gecko zombie (D:2)
  10 rats
323 creatures vanquished.

Vanquished Creatures (collateral kills)
  Urug (Orc:1)
  An orc sorcerer (Orc:1)
  3 orc warriors
  An orc wizard (Orc:1)
  An orc (Orc:1)
7 creatures vanquished.

Vanquished Creatures (others)
  An ogre (Orc:1)
  An orc (D:9)
  4 fungi (Orc:2)
6 creatures vanquished.

Grand Total: 336 creatures vanquished

Notes
Turn   | Place    | Note
-------+----------+-------------------------------------------
     0 | D:1      | Revguard the Demonspawn Fighter began the quest for the
                  | Orb.
     0 | D:1      | Reached XP level 1. HP: 18/18 MP: 1/1
   101 | D:1      | Gained mutation: You have large cloven feet. [demonic
                  | ancestry]
   101 | D:1      | Reached XP level 2. HP: 8/24 MP: 2/2
  1022 | D:2      | Reached skill level 1 in Dodging
  1040 | D:2      | Gained mutation: When hurt, damage is shared between your
                  | health and your magic reserves. [demonic ancestry]
  1040 | D:2      | Reached XP level 3. HP: 19/29 MP: 3/3
  1426 | D:2      | Noticed a phantom
  1444 | D:2      | Reached XP level 4. HP: 26/35 MP: 4/4
  1476 | D:2      | Killed a phantom
  1476 | D:2      | Gained mutation: You regenerate magic rapidly. [demonic
                  | ancestry]
  1476 | D:2      | Reached XP level 5. HP: 11/41 MP: 1/5
  1926 | D:3      | Noticed a hungry ghost
  1954 | D:3      | Killed a hungry ghost
  1954 | D:3      | Gained mutation: You are partially covered in molten
                  | scales. (AC +2) [demonic ancestry]
  1954 | D:3      | Reached XP level 6. HP: 45/47 MP: 6/6
  2058 | D:3      | Found a shattered altar of Ashenzari.
  2457 | D:4      | Reached skill level 1 in Evocations
  2457 | D:4      | Gained mutation: You sometimes gain a little power by
                  | taking damage. [demonic ancestry]
  2457 | D:4      | Reached XP level 7. HP: 44/53 MP: 2/7
  2528 | D:4      | Found a hide-covered altar of Uskayaw.
  2607 | D:4      | Noticed Sigmund
  2616 | D:4      | Killed Sigmund
  2616 | D:4      | Reached skill level 5 in Long Blades
  2991 | D:4      | Found a staircase to the Ecumenical Temple.
  3014 | Temple   | Entered the Ecumenical Temple
  3098 | Temple   | Became a worshipper of Qazlal Stormbringer
  3212 | D:4      | Reached XP level 8. HP: 60/60 MP: 9/9
  3699 | D:4      | Found a shimmering altar of Xom.
  3811 | D:5      | Entered Level 5 of the Dungeon
  4144 | D:5      | Reached skill level 1 in Invocations
  4259 | D:5      | Found a radiant altar of Vehumet.
  4955 | D:6      | Gained mutation: You are resistant to hostile enchantments.
                  | (MR+) [potion of mutation]
  4955 | D:6      | Gained mutation: Your spells are a little harder to cast,
                  | but a little more powerful. [potion of mutation]
  4955 | D:6      | Gained mutation: You passively map a small area around you.
                  | [potion of mutation]
  4955 | D:6      | Gained mutation: Your flesh is cold resistant. (rC+)
                  | [potion of mutation]
  5017 | D:6      | Reached * piety under Qazlal
  5017 | D:6      | Reached skill level 5 in Shields
  5025 | D:6      | Noticed Grinder
  5045 | D:6      | Killed Grinder
  5127 | D:6      | Gained mutation: You have hoof-like feet. [demonic
                  | ancestry]
  5127 | D:6      | Reached XP level 9. HP: 60/66 MP: 11/11
  5261 | D:6      | Found a runed door.
  5265 | D:6      | Noticed Crazy Yiuf
  5273 | D:6      | Killed Crazy Yiuf
  5438 | D:6      | Noticed Edmund
  5464 | D:6      | Killed Edmund
  5570 | D:6      | Reached ** piety under Qazlal
  5746 | D:7      | Noticed Joseph
  5769 | D:7      | Killed Joseph
  5769 | D:7      | Reached skill level 5 in Armour
  5816 | D:7      | Got a polished ring mail
  5846 | D:7      | Identified the +6 ring mail of Jigsaw {+Fly rPois Regen+
                  | SInv} (You found it on level 7 of the Dungeon)
  6042 | D:7      | Found a basalt altar of Yredelemnul.
  6421 | D:7      | Reached skill level 5 in Fighting
  6544 | D:8      | Found Wuedd's Jewellery Emporium.
  6560 | D:8      | Found Duyzoir's Jewellery Emporium.
  6565 | D:8      | Found Asiasch's Jewellery Emporium.
  6567 | D:8      | Gained mutation: You have hooves in place of feet. [demonic
                  | ancestry]
  6567 | D:8      | Reached XP level 10. HP: 74/74 MP: 12/12
  6574 | D:8      | Found Atopan's Food Emporium.
  6629 | D:8      | Reached *** piety under Qazlal
  6783 | D:8      | Found a burning altar of Makhleb.
  6825 | D:8      | Noticed Gastronok
  6842 | D:8      | Killed Gastronok
  6877 | D:8      | Found Noinaja's Book Shoppe.
  7153 | D:8      | Noticed Prince Ribbit
  7160 | D:8      | Killed Prince Ribbit
  7510 | D:9      | Reached **** piety under Qazlal
  7562 | D:9      | Found a staircase to the Orcish Mines.
  8235 | Orc:1    | Entered Level 1 of the Orcish Mines
  8236 | Orc:1    | Noticed an orc high priest
  8238 | Orc:1    | Noticed an orc sorcerer
  8244 | Orc:1    | Gained mutation: When low on magic, you restore magic in
                  | place of health. [demonic ancestry]
  8244 | Orc:1    | Reached XP level 11. HP: 67/81 MP: 13/13
  8244 | Orc:1    | Noticed Urug
  8245 | Orc:1    | Noticed a sixfirhy
  8260 | Orc:1    | Killed an orc high priest
  8278 | Orc:1    | Killed Urug
  8288 | Orc:1    | Killed an orc sorcerer
  8304 | Orc:1    | Noticed a stone giant
  8317 | Orc:1    | Killed a stone giant
  8534 | Orc:1    | Identified a scroll of acquirement
  8537 | Orc:1    | Got a crystal great mace
  8557 | Orc:2    | Entered Level 2 of the Orcish Mines
  8557 | Orc:2    | Found a staircase to the Elven Halls.
  8557 | Orc:2    | Found a roughly hewn altar of Beogh.
  8557 | Orc:2    | Found Keefrefek's Weapon Boutique.
  8561 | Orc:2    | Noticed an orc warlord
  8562 | Orc:2    | Noticed an orc knight
  8572 | Orc:2    | Noticed an orc sorcerer
  8578 | Orc:2    | Noticed an orc knight
  8580 | Orc:2    | Noticed a soul eater
  8588 | Orc:2    | Killed an orc knight
  8607 | Orc:2    | HP: 2/83 [orc warlord/enchanted bardiche (20)]
  8757 | Orc:2    | Noticed a stone giant
  8793 | Orc:2    | Found Vaugh's Armour Shoppe.
  8897 | Orc:2    | Noticed an orc sorcerer
  8904 | Orc:2    | Killed an orc sorcerer
  8912 | Orc:2    | Found Jefet's Jewellery Shop.
  8921 | Orc:2    | Noticed an orc knight
  9105 | Orc:1    | Killed an orc knight
  9185 | Orc:2    | Noticed an orc knight
  9213 | Orc:2    | Killed an orc knight
  9213 | Orc:2    | Reached skill level 10 in Shields
  9252 | Orc:2    | Reached skill level 10 in Long Blades
  9255 | Orc:2    | Noticed an enchanted long sword
  9285 | Orc:2    | Mangled by a stone giant

Skill      XL: |  1  2  3  4  5  6  7  8  9 10 11 |
---------------+----------------------------------+-----
Long Blades    | 2 3 4 5 6 7 9 10 | 10.0
Dodging        | 1 2 3 |  3.7
Shields        | 3 4 5 6 8 10 | 10.1
Armour         | 3 4 5 6 8 |  8.0
Evocations     | 1 2 3 |  3.8
Fighting       | 4 5 6 |  6.7
Invocations    | 3 |  3.6
Stealth        | |  0.3

Action                   |  1- 3 |  4- 6 |  7- 9 | 10-12 || total
-------------------------+-------+-------+-------+-------++-------
Melee: Long sword        |   134 |   171 |   425 |   378 ||  1108
       Kick              |    34 |    44 |   168 |   158 ||   404
Invok: Upheaval          |       |       |     1 |     4 ||     5
       Elemental Force   |       |       |       |     2 ||     2
Evoke: Wand              |       |     1 |     2 |    17 ||    20
  Use: Potion            |       |     2 |     1 |    13 ||    16
       Scroll            |       |     7 |     1 |    14 ||    22
 Stab: Fleeing           |       |       |       |     1 ||     1
  Eat: Chunk             |     1 |       |     5 |     1 ||     7
       Ration            |       |     2 |     3 |     2 ||     7
Armor: Scale mail        |    78 |    85 |    37 |       ||   200
       Plate armour      |       |       |   200 |       ||   200
       Ring mail         |       |       |    17 |   103 ||   120
Dodge: Dodged            |    51 |    53 |    64 |   101 ||   269
       Deflected         |       |       |       |     2 ||     2
Block: Shield            |    71 |    99 |     5 |       ||   175
       Large shield      |       |       |   416 |   524 ||   940
       Rpst.: Long sword |    14 |    17 |    21 |    26 ||    78
